 Dungeon Crawl Stone Soup version 0.29.1-1-gd02db6906a (webtiles) character file.

Game seed: 8966201668324391137

28 MisterFreud the Twirler (level 3, -2/27 HPs)
             Began as a Formicid Gladiator on Oct 11, 2022.
             Slain by a worm (10 damage)
             ... on level 2 of the Dungeon.
             The game lasted 00:01:02 (1553 turns).

MisterFreud the Twirler (Formicid Gladiator)        Turns: 1553, Time: 00:01:03

Health: -2/27      AC:  3    Str: 20    XL:     3   Next: 30%
Magic:  3/3        EV: 12    Int:  7    God:
Gold:   62         SH:  0    Dex: 15    Spells: 2/2 levels left

rFire   . . .      SeeInvis +   a - +0 quarterstaff
rCold   . . .      Faith    .   (no shield)
rNeg    . . .      Spirit   .   b - +0 leather armour
rPois   .          Reflect  .   (helmet unavailable)
rElec   .          Harm     .   (no cloak)
rCorr   .          Rampage  .   (no gloves)
Will    .....                   (no boots)
Stlth   +.........              (no amulet)
HPRegen 0.09/turn               (no ring)
MPRegen 0.08/turn               (no ring)

@: no status effects
A: permanent stasis, dig shafts and tunnels, antennae 3, four strong arms
a: Dig, Shaft Self


You were on level 2 of the Dungeon.
You visited 1 branch of the dungeon, and saw 2 of its levels.

You collected 62 gold pieces.

Inventory:

Hand Weapons
 a - a +0 quarterstaff (weapon)
Missiles
 c - 3 throwing nets (quivered)
 d - a javelin
Armour
 b - a +0 leather armour (worn)
Scrolls
 e - a scroll of magic mapping
 g - 2 scrolls of poison
 h - 2 scrolls of identify


   Skills:
 - Level 2.1 Fighting
 + Level 4.2 Staves
 - Level 2.0 Throwing
 - Level 2.6 Dodging


You had 2 spell levels left.
You didn't know any spells.
Your spell library was empty.

Dungeon Overview and Level Annotations

Branches:
Dungeon (2/15)

Altars:

Annotations:
D:1 1 transporter


Innate Abilities, Weirdness & Mutations

You cannot be hasted, slowed, berserked, paralysed or teleported.
You can dig through walls and to a lower floor.
You have a pair of large antennae on your head. (SInv)
Your four strong arms can wield two-handed weapons with a shield.


Message History

You are too injured to fight recklessly!
You sock the goblin!
You kill the goblin!
You are too injured to fight recklessly!
You sock the rat!
You kill the rat!
You closely miss the quokka.
The quokka bites you but does no damage.
You are too injured to fight recklessly!
You hit the quokka but do no damage. The quokka misses you.
The quokka bites you but does no damage.
You are too injured to fight recklessly!
You barely miss the quokka. The quokka barely misses you.
You are too injured to fight recklessly!
You miss the quokka.
The quokka bites you but does no damage.
You are too injured to fight recklessly!
You hit the quokka.
The quokka is severely wounded.
The quokka barely misses you. The quokka bites you.
You are too injured to fight recklessly!
You closely miss the quokka.
The quokka is severely wounded.
The quokka bites you but does no damage.
You hit the quokka.
The quokka is almost dead.
The quokka barely misses you.
You are too injured to fight recklessly!
You sock the quokka!
You kill the quokka!
You are too injured to fight recklessly!
The worm bites you.
* * * LOW HITPOINT WARNING * * *
Things that are here:
a +0 club; a goblin corpse You are too injured to fight recklessly!
You hit the worm.
The worm is moderately wounded.
The worm bites you!
You die...

## . .###..
#.#######.....#
...............
.......w#
.######@# #.#
#.# ##'##### {
#......#
#......#
#......#
#......#
#.#####......#


You could see a worm.

Vanquished Creatures
  A worm (D:2)
  2 bats (D:1)
  2 endoplasms (D:1)
  3 goblins
  3 hobgoblins
  A quokka (D:2)
  A ball python (D:2)
  9 frilled lizards (D:1)
  2 kobolds (D:1)
  2 rats
26 creatures vanquished.

Vanquished Creatures (others)
  3 plants (D:1)
3 creatures vanquished.

Grand Total: 29 creatures vanquished

Notes
Turn   | Place    | Note
-------+----------+-------------------------------------------
     0 | D:1      | MisterFreud the Formicid Gladiator began the quest for the
                  | Orb.
     0 | D:1      | Reached XP level 1. HP: 16/16 MP: 1/1
   252 | D:1      | Found a faded altar of an unknown god.
   278 | D:1      | Reached XP level 2. HP: 13/22 MP: 2/2
  1415 | D:2      | Reached skill level 4 in Staves
  1415 | D:2      | Reached XP level 3. HP: 25/27 MP: 3/3
  1553 | D:2      | Slain by a worm

Illustrated notes

Levels and vault maps discovered:
D:1:      spicycebolla_arrival_risky_transporter, layout_loops_ring,
          hellmonk_ecumenical_altar_heavens_door, serial_co_window_serial,
          co_window_paths_b, co_window_corner_a, co_window_of_opportunity_a,
          co_window_paths_a, co_window_paths_a, co_window_2corner,
          co_window_broadway_b, co_window_corner_ca, co_window_corner_b,
          glass_columns_a, glass_columns_b, glass_columns_a, glass_columns_b,
          minmay_lizard_king
D:2:      layout_basic, chequers_serial_rivers_large_b, uniq_natasha

Skill      XL: |  1  2 |
---------------+-------+-----
Staves         | 4 |  4.2
Fighting       | |  2.1
Throwing       | |  2.0
Dodging        | |  2.6

Action                   || total
-------------------------++-------
Melee: Quarterstaff      ||    87
       Punch             ||     2
  Use: Scroll            ||     3
Armor: Leather armour    ||    26
Dodge: Dodged            ||    54
